[Event "*** Titled Tuesday Blitz"]
[Site "Chess.com"]
[Date "2019.08.06"]
[Round "7"]
[White "Amirreza_p"]
[Black "giantslayer83"]
[Result "0-1"]
[WhiteElo "2817"]
[BlackElo "2666"]
[TimeControl "180+2"]
[EndTime "14:35:52 PDT"]
[Termination "giantslayer83 won by resignation"]

1. d4 Nf6 2. Bf4 g6 3. e3 Bg7 4. h3 O-O 5. Nf3 d6 6. Be2 Nbd7 7. O-O b6 8. c4 Bb7 9. Bh2 e6 10. Nc3 Qe7 11. a4 Ne4 12. a5 Nxc3 13. bxc3 Nf6 14. Nd2 Ne4 15. Nxe4 Bxe4 16. Bf3 Bxf3 17. Qxf3 Rae8 18.
axb6 axb6 19. Ra7 Qd7 20. Rb1 e5 21. Rxb6 exd4 22. Rxd6 Qc8 23. Rxd4 Bxd4 24. cxd4 Qb8 25. Rb7 Qa8 26. Bxc7 Re7 27. Qf6 Re6 28. Qf3 Re7 29. Qd5 Rc8 30. Qc6 Rexc7 31. Qxc7 Rxc7 32. Rxc7 Qa1+ 33. Kh2 Qb2 34. d5 Qe5+ 0-1

[Event "*** Titled Tuesday Blitz"]
[Site "Chess.com"]
[Date "2019.08.06"]
[Round "7"]
[White "hurricane7791"]
[Black "Slovak_fighter2000"]
[Result "1-0"]
[WhiteElo "2719"]
[BlackElo "2464"]
[TimeControl "180+2"]
[EndTime "14:35:54 PDT"]
[Termination "hurricane7791 won by resignation"]

1. d4 Nf6 2. c4 e6 3. Nc3 d5 4. cxd5 Nxd5 5. e4 Nxc3 6. bxc3 c5 7. Rb1 cxd4 8. cxd4 Nc6 9. Bb5 Bd7 10. Nf3 Bb4+ 11. Bd2 Bxd2+ 12. Qxd2 O-O 13. O-O b6 14. Rfe1 Na5 15.
Bd3 Rc8 16. Ne5 Qe7 17. Re3 Rfd8 18. Rg3 f6 19. Nf3 Be8 20. Qf4 e5 21. Qh4 Bg6 22. d5 Nb7 23. Nd2 Nd6 24. Qg4 Qd7 25. Qe2 Rc3 26. h4 Rdc8 27. Kh2 Qf7 28. Rh3 h5 29. Rg3 Kh7 30. Rb3 Rxb3 31. axb3 Rc3 32. Qe1 b5 33.
Qa1 Qc7 34. Qd1 a5 35. Qe2 b4 36. f4 exf4 37. Rxg6 Kxg6 38. e5+ Kf7 39. exd6 Qxd6 40.
Qxh5+ Kf8 41. Bg6 f3+ 42. g3 Qe5 43. Qh8+ Ke7 44. Qe8+ Kd6 45. Ne4+ Kxd5 46. Qd7+ 1-0

[Event "*** Titled Tuesday Blitz"]
[Site "Chess.com"]
[Date "2019.08.06"]
[Round "7"]
[White "tteshan"]
[Black "Poghosyan_Suren"]
[Result "1/2-1/2"]
[WhiteElo "2173"]
[BlackElo "2442"]
[TimeControl "180+2"]
[EndTime "14:35:55 PDT"]
[Termination "Game drawn by agreement"]

1. d4 Nf6 2. c4 c5 3. d5 b5 4. cxb5 a6 5. Nc3 g6 6. e4 Bg7 7. Bd3 O-O 8. Nge2 axb5 9. Bxb5 Qa5 10. Bd3 c4 11. Bc2 d6 12. Bd2 Bd7 13. O-O Qb6 14.
Qc1 Na6 15. Be3 Qb7 16. b3 Rfc8 17. bxc4 Rxc4 18. Rb1 Qc7 19. Qd2 Nxe4 20. Bxe4 Bxc3 21. Nxc3 Rxc3 22. Rfc1 Rc8 23. Rd1 Ba4 24. Rdc1 Rxc1+ 25. Rxc1 Qxc1+ 26. Qxc1 Rxc1+ 27. Bxc1 Nb4 28. a3 Nc2 29. Kf1 1/2-1/2

[Event "*** Titled Tuesday Blitz"]
[Site "Chess.com"]
[Date "2019.08.06"]
[Round "7"]
[White "NemtsevIgor"]
[Black "Ceejay271"]
[Result "0-1"]
[WhiteElo "2302"]
[BlackElo "2261"]
[TimeControl "180+2"]
[EndTime "14:35:59 PDT"]
[Termination "Ceejay271 won by checkmate"]

1. d4 Nf6 2. Bf4 d5 3. e3 e6 4. Nf3 Bd6 5. Bg3 O-O 6. Bd3 c5 7. c3 Qc7 8. Nbd2 Nbd7 9. O-O e5 10. dxe5 Nxe5 11. Nxe5 Bxe5 12. f4 Bd6 13. Bh4 Be7 14. Bxf6 Bxf6 15. e4 dxe4 16. Nxe4 Be7 17. f5 c4 18. Bc2 Rd8 19. Qh5 Qb6+ 20. Kh1 Qh6 21. Qxh6 gxh6 22. f6 Bf8 23. Rf3 Be6 24. Rg3+ Kh8 25.
Re1 Rd5 26. Rf3 Rad8 27. h3 Re5 28. Ref1 Bd5 29. Rf4 Rde8 30. Ng3 Rg5 31. Kh2 Bd6 32. Rg4 Rxg4 33. hxg4 Re2 34. Rd1 Rxg2+ 35. Kh3 Rxg3+ 36. Kh4 Rg2 37. g5 h5 38. Kxh5 Bf3+ 39. Kh4 Rh2# 0-1

[Event "*** Titled Tuesday Blitz"]
[Site "Chess.com"]
[Date "2019.08.06"]
[Round "7"]
[White "GMSrinath"]
[Black "David_Paravyan"]
[Result "0-1"]
[WhiteElo "2828"]
[BlackElo "2902"]
[TimeControl "180+2"]
[EndTime "14:36:11 PDT"]
[Termination "David_Paravyan won by resignation"]

1. e4 e5 2. Nf3 Nc6 3. Bc4 Nf6 4. d3 Bc5 5. O-O d6 6. c3 a6 7. a4 h6 8. Nbd2 O-O 9. h3 Re8 10. Re1 Be6 11. Bxe6 Rxe6 12. b4 Ba7 13. Qc2 Ne7 14.
Nf1 Ng6 15. Ng3 Qd7 16. c4 c6 17. Rb1 d5 18. c5 Rd8 19. Nf5 Bb8 20. Be3 Ne7 21.
N3h4 Kh7 22. Red1 Neg8 23. g4 g6 24. Ng3 Ne8 25. Nf3 Ng7 26. Kg2 Ree8 27. Qb3 f5 28. exf5 gxf5 29. gxf5 Nxf5 30. b5 axb5 31. axb5 Qg7 32.
bxc6 Nxe3+ 33. fxe3 e4 34. Qxb7 exf3+ 35. Kxf3 Re7 36. Nf5 Qf6 0-1

[Event "*** Titled Tuesday Blitz"]
[Site "Chess.com"]
[Date "2019.08.06"]
[Round "7"]
[White "Ibraev_Vasilj"]
[Black "nitpicker"]
[Result "1-0"]
[WhiteElo "2289"]
[BlackElo "2231"]
[TimeControl "180+2"]
[EndTime "14:36:18 PDT"]
[Termination "Ibraev_Vasilj won on time"]

1. e4 d5 2. Nc3 d4 3. Nb1 e5 4. Bc4 Nf6 5. d3 h6 6. f4 Nc6 7. Nf3 Bg4 8. O-O Bd6 9. h3 Bxf3 10. Qxf3 exf4 11. Bxf4 Ne5 12. Bxe5 Bxe5 13. Nd2 Qe7 14. Bb3 O-O-O 15. Nc4 Rhf8 16. Nxe5 Qxe5 17. Rae1 Rd7 18. Qd1 Ng8 19. Rf5 Qe7 20. Qg4 g6 21. Rd5 Nf6 22.
Rxd7 Qxd7 23. Qh4 Ng8 24. Rf1 f5 25. Bxg8 Rxg8 26. exf5 gxf5 27. Qxh6 Qd5 28. Rf2 Qxa2 29. b3 Re8 30. Qf4 Qa1+ 31. Kh2 Qe1 32. Qxf5+ Kb8 33.
Qf4 Qc3 34. Qf7 Rc8 35. Qc4 1-0

[Event "*** Titled Tuesday Blitz"]
[Site "Chess.com"]
[Date "2019.08.06"]
[Round "7"]
[White "Evgeny81"]
[Black "Blazinq"]
[Result "0-1"]
[WhiteElo "2538"]
[BlackElo "2611"]
[TimeControl "180+2"]
[EndTime "14:36:24 PDT"]
[Termination "Blazinq won by resignation"]

1. Nf3 Nf6 2. c4 g6 3. g3 Bg7 4. Bg2 O-O 5. O-O c6 6. d4 d5 7. Nbd2 a5 8. b3 a4 9. Ba3 Ne4 10. e3 Nxd2 11. Qxd2 dxc4 12. bxc4 Re8 13. e4 Bg4 14. Rad1 e6 15. h3 Bxf3 16. Bxf3 Nd7 17. Bd6 e5 18. c5 exd4 19. Bg2 b6 20. f4 bxc5 21. e5 Qb6 22. Kh2 Bf8 23. Bxf8 Nxf8 24. f5 Rxe5 25. f6 Re3 26. Qf2 Qc7 27. Rc1 Qd6 28. Rfd1 Rae8 29. Rd2 Nd7 30. Rf1 R8e6 31. Rfd1 Nxf6 32. Rb2 Nh5 33. Bf3 Nxg3 34. Bg4 Ne4+ 0-1

[Event "*** Titled Tuesday Blitz"]
[Site "Chess.com"]
[Date "2019.08.06"]
[Round "7"]
[White "novocane"]
[Black "Nathan_Filgueiras"]
[Result "0-1"]
[WhiteElo "2166"]
[BlackElo "2223"]
[TimeControl "180+2"]
[EndTime "14:36:24 PDT"]
[Termination "Nathan_Filgueiras won by resignation"]

1. d4 Nf6 2. c4 e6 3. Nc3 Bb4 4. e3 O-O 5. Ne2 c6 6. a3 Ba5 7. Bd2 d5 8. Ng3 Nbd7 9. Bd3 dxc4 10. Bxc4 e5 11. O-O exd4 12. exd4 Bc7 13. Ba2 Nb6 14.
Be3 Nbd5 15. Qd3 Re8 16. Rae1 Be6 17. Bb1 Nxe3 18. fxe3 g6 19. e4 Bb6 20. Rd1 c5 21. dxc5 Bxc5+ 22. Kh1 Qxd3 23. Bxd3 Ng4 24. Rd2 Rad8 25. Rfd1 Nf2+ 26. Rxf2 Bxf2 27. e5 Bb3 28. Rf1 Bxg3 29. Bb5 Bxe5 30. Bxe8 Rxe8 31. Re1 Kf8 0-1

[Event "*** Titled Tuesday Blitz"]
[Site "Chess.com"]
[Date "2019.08.06"]
[Round "7"]
[White "Usurpov"]
[Black "tgpgoat"]
[Result "1-0"]
[WhiteElo "2390"]
[BlackElo "1959"]
[TimeControl "180+2"]
[EndTime "14:36:25 PDT"]
[Termination "Usurpov won on time"]

1. e4 c5 2. Nf3 e6 3. c3 d5 4. e5 Nc6 5. d4 cxd4 6. cxd4 Nge7 7. Nc3 Nf5 8. a3 Be7 9. h4 h5 10. g3 Qb6 11. Na4 Qa5+ 12. b4 Qd8 13. Bb2 Bd7 14. Rc1 Rc8 15. Bd3 Nh6 16. Kf1 b6 17. Kg2 Nb8 18. Nc3 Ng4 19. Ne2 O-O 20. Nf4 g6 21. Qe2 a5 22. b5 Rxc1 23. Rxc1 Qe8 24. Ng1 Bd8 25. a4 Qe7 26. Ngh3 Qb4 27. Qc2 Be7 28.
Bc3 Qa3 29. Ra1 Rc8 30. Rxa3 Bxa3 31. Qd2 Be8 32. Ng5 Nd7 33. f3 Nh6 34. Ngxe6 fxe6 35. Nxe6 Nf8 36. Nf4 Kg7 37. Nxd5 Bf7 38. Ne3 Ne6 39. Be4 Rd8 40. Nd5 Ng8 41. g4 hxg4 42. fxg4 Nf8 43.
Nf4 Bc5 44. d5 Ne6 45. Qc1 Nxf4+ 46. Qxf4 1-0

[Event "*** Titled Tuesday Blitz"]
[Site "Chess.com"]
[Date "2019.08.06"]
[Round "7"]
[White "warmoatmeal"]
[Black "sebsep"]
[Result "1-0"]
[WhiteElo "2053"]
[BlackElo "2108"]
[TimeControl "180+2"]
[EndTime "14:36:29 PDT"]
[Termination "warmoatmeal won by resignation"]

1. Nf3 c5 2. g3 g6 3. Bg2 Bg7 4. c4 Nc6 5. Nc3 d6 6. O-O e6 7. b3 Nge7 8. Bb2 O-O 9. Rc1 Rb8 10. e3 Nf5 11. d4 cxd4 12. Nxd4 Ncxd4 13. exd4 Nxd4 14. Ne2 Nxe2+ 15. Qxe2 Bxb2 16. Qxb2 Bd7 17. Rfd1 Bc6 18. Bxc6 bxc6 19. Qa3 d5 20. Qxa7 Ra8 21. Qb7 Rxa2 22. Qxc6 Qb8 23. cxd5 exd5 24. Qxd5 Re8 25. Re1 Rae2 26.
Rxe2 Rxe2 27. Qc4 Rb2 28. Qc8+ Qxc8 29. Rxc8+ Kg7 30. Rb8 h5 31. h4 Kf6 32. Kg2 Rb1 33.
b4 Rb3 34. b5 Rb2 35. b6 Rb3 36. Kf1 Rb2 37. Ke1 Kf5 38. Kf1 Kg4 39. Kg2 Kf5 40.
Kf3 Rb3+ 41. Ke2 Kg4 42. Rf8 Rxb6 43. Rxf7 Re6+ 44. Kf1 g5 45. Rg7 Re5 46. Kg2 1-0

[Event "*** Titled Tuesday Blitz"]
[Site "Chess.com"]
[Date "2019.08.06"]
[Round "7"]
[White "GadimbayliA"]
[Black "OlympusMons95"]
[Result "1-0"]
[WhiteElo "2882"]
[BlackElo "2659"]
[TimeControl "180+2"]
[EndTime "14:36:30 PDT"]
[Termination "GadimbayliA won by resignation"]

1. e4 e5 2. Nf3 Nc6 3. Bb5 a6 4. Ba4 Nf6 5. O-O Be7 6. Re1 b5 7. Bb3 d6 8. c3 O-O 9. h3 Bb7 10. d4 Re8 11. Ng5 Rf8 12. Nf3 Re8 13. Nbd2 exd4 14.
cxd4 Nd7 15. Nf1 Na5 16. Bc2 Bf6 17. Ng3 g6 18. Bf4 c5 19. Rb1 cxd4 20. Nxd4 Nc4 21. Bb3 Qb6 22. Nf3 Nc5 23. Bxc4 bxc4 24. Be3 Qd8 25.
Bxc5 dxc5 26. Qa4 h5 27. Qxc4 h4 28. Nf1 Qb6 29. N1d2 Qe6 30. Qc2 Rad8 31. e5 Be7 32. Rbd1 Qxa2 33. e6 Bd5 34. Ra1 1-0

[Event "*** Titled Tuesday Blitz"]
[Site "Chess.com"]
[Date "2019.08.06"]
[Round "7"]
[White "nOcHeaTiNgKiD"]
[Black "canwedoit"]
[Result "1-0"]
[WhiteElo "2456"]
[BlackElo "2422"]
[TimeControl "180+2"]
[EndTime "14:36:31 PDT"]
[Termination "nOcHeaTiNgKiD won by resignation"]

1. e4 c5 2. b4 cxb4 3. Nf3 Nc6 4. a3 e5 5. Bc4 bxa3 6. Nxa3 Nf6 7. d3 Bb4+ 8. Kf1 d5 9. exd5 Nxd5 10. Bg5 Be7 11.
h4 O-O 12. Qd2 Bf6 13. Re1 Be6 14. Re4 h6 15. g4 hxg5 16. hxg5 Be7 17. Nb5 Nf4 18. Rxf4 exf4 19. Qxf4 Qb8 20. Nc7 Bd6 21. Qxd6 Rd8 22. Qh2 Kf8 23. Nxe6+ fxe6 24. Qh8+ Kf7 25. g6+ Ke7 26. Qxg7+ Kd6 27. Qf6 Rf8 28. Qxe6+ Kc7 29. Rh7+ Kb6 30. Bd5 Qf4 31. Rxb7+ Ka5 32. Qxc6 1-0

[Event "*** Titled Tuesday Blitz"]
[Site "Chess.com"]
[Date "2019.08.06"]
[Round "7"]
[White "qqwow"]
[Black "Leonid_Starozhilov"]
[Result "1-0"]
[WhiteElo "2565"]
[BlackElo "2689"]
[TimeControl "180+2"]
[EndTime "14:36:32 PDT"]
[Termination "qqwow won by resignation"]

1. d4 Nf6 2. c4 g6 3. Nc3 Bg7 4. e4 d6 5. Nge2 O-O 6. Ng3 c6 7. Be2 a6 8. a3 b5 9. O-O Nbd7 10. f4 bxc4 11. e5 Nd5 12. Bxc4 N7b6 13. Bd3 Qc7 14.
Nce4 a5 15. Qe2 Bb7 16. Bd2 a4 17. Rac1 Qb8 18. h4 Nd7 19. h5 c5 20. e6 fxe6 21. Ng5 Rf6 22. Nxe6 cxd4 23. hxg6 hxg6 24. f5 Ne3 25.
Bxe3 dxe3 26. Nxg7 Kxg7 27. fxg6 Rf2 28. Nh5+ Kg8 29. Rxf2 exf2+ 30. Kf1 Ne5 31. Qxf2 Qf8 32. Bf5 Bc8 33. Rxc8 Rxc8 34. Be6+ 1-0

[Event "*** Titled Tuesday Blitz"]
[Site "Chess.com"]
[Date "2019.08.06"]
[Round "7"]
[White "LarissaSteenbekkers"]
[Black "Zq1"]
[Result "1/2-1/2"]
[WhiteElo "1813"]
[BlackElo "2556"]
[TimeControl "180+2"]
[EndTime "14:36:32 PDT"]
[Termination "Game drawn by repetition"]

1. e4 c5 2. Nf3 d6 3. d4 cxd4 4. Nxd4 Nf6 5. Nc3 Nc6 6. Bg5 g6 7. Bxf6 exf6 8. Qd2 Bg7 9. O-O-O O-O 10. Ndb5 f5 11.
Nxd6 fxe4 12. Ndxe4 Qa5 13. Kb1 Bf5 14. Bd3 Nb4 15.
a3 Nxd3 16. Qxd3 Qb6 17. f3 Rac8 18. Qd6 Rc6 19. Qb4 Qa6 20. Qb5 Qxb5 21. Nxb5 Rb6 22. Nd4 Bxe4 23. fxe4 Re8 24. Rhe1 f5 25. c3 fxe4 26. Re2 Rd6 27. Kc2 a6 28. Nb3 Rxd1 29. Kxd1 Re5 30. Kc2 Bh6 31. Nd2 Bxd2 32. Kxd2 Kf7 33.
Ke3 Rh5 34. h3 Ke6 35. Kxe4 Kd6 36. Kd4 Rd5+ 37. Ke4 Re5+ 38. Kd3 Rd5+ 39. Ke4 Re5+ 40. Kd3 Rd5+ 41. Ke4 1/2-1/2

[Event "*** Titled Tuesday Blitz"]
[Site "Chess.com"]
[Date "2019.08.06"]
[Round "7"]
[White "Roachelley"]
[Black "Iyael"]
[Result "1-0"]
[WhiteElo "2231"]
[BlackElo "2155"]
[TimeControl "180+2"]
[EndTime "14:36:33 PDT"]
[Termination "Roachelley won by resignation"]

1. d4 Nf6 2. c4 g6 3. Nc3 Bg7 4. e4 d6 5. f3 O-O 6. Be3 Nc6 7.
Nge2 a6 8. Qd2 Rb8 9. a4 Bd7 10. d5 Ne5 11. Ng3 c6 12. h3 cxd5 13. cxd5 Rc8 14.
f4 Nc4 15. Bxc4 Rxc4 16. O-O b5 17. e5 Ne8 18. axb5 axb5 19. Bd4 e6 20. Nge4 exd5 21. Nxd5 dxe5 22. Bxe5 Be6 23. Ndf6+ Nxf6 24. Qxd8 Rxd8 25. Nxf6+ Bxf6 26. Bxf6 Rdc8 27. Rf2 h6 28. Rd2 b4 29. Rad1 g5 30. fxg5 hxg5 31. Bxg5 Kh7 32. Bf6 Kg6 33. Be5 Rc2 34. Rd4 f5 35. Rxb4 R8c6 36. Rb8 Re2 37.
Bc3 Kf7 38. Rbd8 Rc7 39. R8d2 Rxd2 40. Rxd2 Bb3 41. Rd4 Kg6 42. Kf2 Re7 43. Rd6+ Kh7 44. Rb6 Bc2 45. Rd6 Bb3 46. Kf3 Bc4 47. Kf4 Re2 48. g3 Rf2+ 49. Kg5 Rf3 50. Be5 Bf7 51. Rd7 1-0

[Event "*** Titled Tuesday Blitz"]
[Site "Chess.com"]
[Date "2019.08.06"]
[Round "7"]
[White "AbasovN"]
[Black "yoolund"]
[Result "1-0"]
[WhiteElo "2879"]
[BlackElo "2649"]
[TimeControl "180+2"]
[EndTime "14:36:35 PDT"]
[Termination "AbasovN won by resignation"]

1. e4 c6 2. d4 d5 3. exd5 cxd5 4. Bd3 Nc6 5. c3 Nf6 6. Nf3 Bg4 7. h3 Bh5 8. g4 Bg6 9. Ne5 Bxd3 10. Qxd3 e6 11. Bg5 Be7 12. Nd2 Nxe5 13. dxe5 Nd7 14. Bxe7 Qxe7 15. f4 a6 16. Nf3 Nc5 17. Qe3 Ne4 18.
O-O h5 19. g5 Ng3 20. Rfd1 Nf5 21. Qb6 Rc8 22. Nd4 Nxd4 23. Rxd4 Rc6 24. Qb4 Qxb4 25.
Rxb4 b6 26. a4 Kd7 27. Rd1 Kc7 28. Kf2 Rb8 29. g6 Rf8 30. gxf7 Rxf7 31. Rg1 Rc4 32. Rxc4+ dxc4 33. Ke3 b5 34. axb5 axb5 35. Rg6 Re7 36.
Kd4 Kc6 37. f5 Rd7+ 38. Ke4 Rd2 39. Rxe6+ Kc5 40. Rg6 Rxb2 41. Rxg7 Re2+ 42. Kf4 b4 43. cxb4+ Kxb4 44. e6 c3 45. Rc7 c2 46. e7 Kb3 47.
f6 Kb2 48. Kg5 1-0

[Event "*** Titled Tuesday Blitz"]
[Site "Chess.com"]
[Date "2019.08.06"]
[Round "7"]
[White "ClockworkKubrick"]
[Black "doons21"]
[Result "0-1"]
[WhiteElo "2168"]
[BlackElo "2576"]
[TimeControl "180+2"]
[EndTime "14:36:35 PDT"]
[Termination "doons21 won by checkmate"]

1. e4 e6 2. d4 d5 3. Nd2 Nc6 4.
Ngf3 Nf6 5. e5 Nd7 6. c3 f6 7. exf6 Qxf6 8. Bd3 Bd6 9. O-O e5 10. dxe5 Ndxe5 11. Nxe5 Nxe5 12. Be2 Qf4 13. g3 Qf6 14. Nf3 O-O 15. Nxe5 Qxe5 16. Bf4 Rxf4 17. gxf4 Qxf4 18. Qxd5+ Kh8 19. Qg2 Bf5 20. Rae1 Rf8 21. Bf3 h6 22. Bxb7 Rf6 23. Re3 Bg4 24. Rg3 h5 25. Re1 Bc5 26. Re8+ Kh7 27. Be4+ g6 28. h3 Bxf2+ 29. Kh2 h4 30.
Re7+ Kh6 31. hxg4 hxg3+ 32. Kh3 Kg5 33. Bf5 Rxf5 34. gxf5 Qh4# 0-1

[Event "*** Titled Tuesday Blitz"]
[Site "Chess.com"]
[Date "2019.08.06"]
[Round "7"]
[White "ChainsOfFantasia"]
[Black "Kimster98"]
[Result "1-0"]
[WhiteElo "2505"]
[BlackElo "2608"]
[TimeControl "180+2"]
[EndTime "14:36:39 PDT"]
[Termination "ChainsOfFantasia won by resignation"]

1. d4 Nf6 2. Nf3 d5 3. c4 e6 4. Nc3 Bb4 5. Qb3 c5 6. dxc5 Nc6 7. Bg5 Qa5 8. Bxf6 dxc4 9. Qxc4 gxf6 10. Rc1 Qxc5 11. Qh4 Ke7 12. g3 Bxc3+ 13. bxc3 b6 14. Bg2 Bb7 15. Nd2 Na5 16. Bxb7 Nxb7 17. O-O Qg5 18. Qb4+ Qc5 19. Qh4 Qg5 20. Qb4+ Qc5 21. Qf4 Rac8 22. Nb3 Qe5 23. Qa4 Nc5 24. Qxa7+ Qc7 25.
Qxc7+ Rxc7 26. Nxc5 Rxc5 27. Rb1 Rb8 28. Rb3 Kd6 29. Rfb1 Kc7 30. Kf1 Ra5 31. a3 Rh5 32. h4 Rc5 33. Ke1 Rc6 34. Rb5 Rxc3 35. Rh5 Rxa3 36.
Rxh7 Rf8 37. h5 f5 38. h6 Ra7 39. Rg7 Kc6 40. h7 Rh8 41. Kd2 Rb7 42. Rh1 f6 43.
Rc1+ 1-0

[Event "*** Titled Tuesday Blitz"]
[Site "Chess.com"]
[Date "2019.08.06"]
[Round "7"]
[White "Chess_Boxer123"]
[Black "Saloni1299"]
[Result "1-0"]
[WhiteElo "2435"]
[BlackElo "2046"]
[TimeControl "180+2"]
[EndTime "14:36:39 PDT"]
[Termination "Chess_Boxer123 won by resignation"]

1. d4 Nf6 2. Bf4 g6 3. Nc3 d5 4. e3 Bg7 5. h4 O-O 6. h5 c6 7. hxg6 fxg6 8. Nf3 Nh5 9. Be5 Bg4 10. Be2 Bxf3 11. Bxf3 Bxe5 12. Bxh5 Bg7 13. Bg4 Qd6 14.
Ne2 e5 15. c3 Nd7 16. Qc2 Nf6 17. Bh3 exd4 18. Nxd4 Rae8 19. O-O-O Ne4 20. Rdf1 a6 21. Kb1 c5 22. Nf3 b5 23. Rd1 Qc6 24. Rhf1 Rb8 25. Qd3 Rfd8 26. Nd2 c4 27. Qc2 Nxd2+ 28. Rxd2 b4 29.
Rd4 bxc3 30. Qxc3 Rb5 31. Ka1 Rdb8 32. Rb1 Bxd4 33. Qxd4 c3 34. b3 c2 35. Rc1 Rc8 36.
Rxc2 Qc3+ 37. Rxc3 1-0

[Event "*** Titled Tuesday Blitz"]
[Site "Chess.com"]
[Date "2019.08.06"]
[Round "7"]
[White "Frolik67"]
[Black "cukus"]
[Result "1/2-1/2"]
[WhiteElo "2607"]
[BlackElo "2422"]
[TimeControl "180+2"]
[EndTime "14:36:42 PDT"]
[Termination "Game drawn by repetition"]

1. e4 e5 2. Nf3 Nf6 3. Nc3 Bb4 4. Bb5 c6 5. Ba4 O-O 6. O-O d6 7. d3 Bg4 8. h3 Bh5 9. Be3 Nbd7 10. Ne2 Bxf3 11.
gxf3 Nc5 12. Bb3 Nxb3 13. axb3 Nh5 14. Kh2 f5 15. Ng3 Nxg3 16. fxg3 f4 17. gxf4 exf4 18. Bd4 d5 19. c3 Be7 20. Rg1 Bf6 21. e5 Bh4 22.
Rg4 Bg3+ 23. Kg2 h5 24. Rg6 Kh7 25. Rd6 Qg5 26. Qg1 c5 27. Bxc5 Qxe5 28. Qf1 b6 29.
Ba3 Rae8 30. Rd7 Rf6 31. d4 Qe2+ 32. Qxe2 Rxe2+ 33. Kg1 Rg6 34. Bf8 Bh4+ 35. Kh1 Rgg2 36. Raxa7 Rh2+ 37. Kg1 Reg2+ 38. Kf1 Rf2+ 39. Kg1 Rhg2+ 40.
Kh1 Rh2+ 41. Kg1 Rhg2+ 42. Kh1 Rh2+ 43. Kg1 1/2-1/2

[Event "*** Titled Tuesday Blitz"]
[Site "Chess.com"]
[Date "2019.08.06"]
[Round "7"]
[White "Mazanchenko_Dmitry"]
[Black "aquaticpineapples"]
[Result "1-0"]
[WhiteElo "2207"]
[BlackElo "2147"]
[TimeControl "180+2"]
[EndTime "14:36:44 PDT"]
[Termination "Mazanchenko_Dmitry won by checkmate"]

1. e4 e6 2. d4 d5 3. Nc3 Bb4 4. Ne2 Nc6 5. a3 Bxc3+ 6. Nxc3 dxe4 7. Be3 f5 8. Qh5+ g6 9. Qd1 Nge7 10. Qd2 O-O 11. O-O-O Nd5 12. Bg5 Qd6 13. h4 Nxc3 14. Qxc3 h5 15. f3 exf3 16. gxf3 e5 17. Bc4+ Kh7 18. dxe5 Qxe5 19. Qd2 b5 20. Rhe1 Qc5 21. Bd5 Bb7 22. Bxc6 Bxc6 23. Re7+ Kg8 24. Qf4 Rad8 25. Rde1 Qd6 26. Qe3 Rfe8 27. Qc3 Be4 28. Qg7# 1-0

[Event "*** Titled Tuesday Blitz"]
[Site "Chess.com"]
[Date "2019.08.06"]
[Round "7"]
[White "enriquetejedor"]
[Black "tbalabayev"]
[Result "1-0"]
[WhiteElo "2574"]
[BlackElo "2386"]
[TimeControl "180+2"]
[EndTime "14:36:47 PDT"]
[Termination "enriquetejedor won by resignation"]

1. e4 c5 2. Nc3 Nc6 3. g3 g6 4. Bg2 Bg7 5. d3 Rb8 6. Be3 b5 7. Bxc5 b4 8. Na4 Qa5 9. b3 d6 10. Be3 Bxa1 11. Qxa1 e5 12. f4 Nge7 13. Nf3 f6 14. O-O O-O 15. a3 Qc7 16. Nd2 Be6 17. Rc1 Rfc8 18. h4 a5 19. Kh2 Na7 20. d4 Nb5 21. axb4 axb4 22. d5 Bd7 23. Nc4 Qb7 24. Nab6 Rc7 25. fxe5 fxe5 26. Bg5 Nc8 27. Nxc8 Rbxc8 28. Rf1 Rxc4 29. bxc4 Rxc4 30. Qa5 Rc8 31. Qxb4 Qc7 32.
Rf2 Nd4 33. Be7 Nxc2 34. Qxd6 Qxd6 35. Bxd6 Re8 36. Rxc2 1-0

[Event "*** Titled Tuesday Blitz"]
[Site "Chess.com"]
[Date "2019.08.06"]
[Round "7"]
[White "farzadbfd"]
[Black "jlandaw"]
[Result "1-0"]
[WhiteElo "2669"]
[BlackElo "2443"]
[TimeControl "180+2"]
[EndTime "14:36:48 PDT"]
[Termination "farzadbfd won by resignation"]

1. e4 e5 2. Nf3 Nc6 3. Bc4 Nf6 4. d3 Bc5 5. O-O d6 6. Re1 Ng4 7. Re2 f5 8. h3 fxe4 9. dxe4 Nf6 10. Nc3 h6 11. Re1 Qe7 12. Nh4 Ng4 13. hxg4 Qxh4 14. Be3 Bxe3 15. Rxe3 Bxg4 16. Qd5 Qf6 17. Rg3 Bh5 18.
Qb5 O-O-O 19. Nd5 Qf8 20. Rb3 Nd4 21. Qxb7+ Kd7 22. Qxc7+ Ke8 23. Rb8 Rxb8 24. Qxb8+ Kf7 25. Nf4+ Kf6 26. Nxh5+ Kg5 27. Qxf8 Rxf8 28. Nxg7 Rc8 29.
Bd3 Nc6 30. Nf5 Rd8 31. a3 Na5 32. Ne3 Nb7 33. Rd1 Nc5 34. b4 Ne6 35. c3 Nf4 36.
Bf1 Kf6 37. g3 Ng6 38. Nf5 Ke6 39. Bc4+ Kf6 40. Rxd6+ 1-0

[Event "*** Titled Tuesday Blitz"]
[Site "Chess.com"]
[Date "2019.08.06"]
[Round "7"]
[White "mikhaillushenkov"]
[Black "Gareth-Bale11"]
[Result "1/2-1/2"]
[WhiteElo "2689"]
[BlackElo "2746"]
[TimeControl "180+2"]
[EndTime "14:36:52 PDT"]
[Termination "Game drawn by repetition"]

1. Nf3 d5 2. d4 Nf6 3. c4 e6 4. Nc3 a6 5. cxd5 exd5 6. Bg5 Be6 7. e3 Nbd7 8. Be2 Bd6 9. O-O c6 10. Bh4 O-O 11. Bg3 Bxg3 12. hxg3 Ne4 13. Rc1 f5 14. Ne5 Nxe5 15. dxe5 Qg5 16. Bf3 Rae8 17.
Ne2 Bf7 18. Qd4 Qe7 19. b4 Qxe5 20. a4 Qd6 21. Rfd1 Ng5 22. Qc5 Qh6 23. Rd4 Ne4 24. Qb6 Re7 25. Rd3 Nd6 26. Qd4 g5 27. Nc3 Qg7 28.
Qxg7+ Kxg7 29. b5 axb5 30. axb5 g4 31. Be2 Ra8 32. bxc6 bxc6 33. Bd1 Kf6 34. Ne2 Rc7 35. Nf4 Ke5 36. Bb3 Ne4 37. Rdd1 Rac8 38. Nd3+ Kd6 39.
Nf4 Nf6 40. Ra1 c5 41. Bc2 Ne4 42. Ra6+ Rc6 43. Ra7 R8c7 44. Ra8 Ke5 45. Nd3+ Kf6 46. Nf4 Ke5 47. Nd3+ Kd6 48. Nf4 Ke5 1/2-1/2

[Event "*** Titled Tuesday Blitz"]
[Site "Chess.com"]
[Date "2019.08.06"]
[Round "7"]
[White "marianokar"]
[Black "12teen"]
[Result "0-1"]
[WhiteElo "2444"]
[BlackElo "2653"]
[TimeControl "180+2"]
[EndTime "14:36:53 PDT"]
[Termination "12teen won by checkmate"]

1. d4 a6 2. c4 b5 3. e3 Bb7 4. Nf3 bxc4 5. Bxc4 e6 6. O-O Nf6 7. Nc3 d5 8. Bb3 Bd6 9. Ba4+ Nbd7 10. Ne5 O-O 11.
Nc6 Qe8 12. Bd2 Nb6 13. Ne5 Nxa4 14. Nxa4 Nd7 15. Nxd7 Qxd7 16. Rc1 Rfb8 17. Nc5 Qe7 18. f4 Bc6 19. b3 Be8 20. Ba5 f6 21. Qg4 Bf7 22.
h4 Re8 23. h5 h6 24. Rf3 Kh8 25. Rg3 Bg8 26. Qh4 e5 27. Rf1 exf4 28. Rxf4 Bh7 29.
Bd2 a5 30. Rfg4 Bxg3 31. Qxg3 Qf7 32. Qh4 c6 33. Kf2 Bb1 34. a3 Bc2 35. b4 axb4 36.
Bxb4 Ra7 37. Rg3 f5 38. Qh3 f4 39. exf4 Qxf4+ 40. Rf3 Qxd4+ 41. Kg3 Qe5+ 42. Kh4 Qg5# 0-1

[Event "*** Titled Tuesday Blitz"]
[Site "Chess.com"]
[Date "2019.08.06"]
[Round "7"]
[White "MFguimaraes"]
[Black "LuisFSiles"]
[Result "1-0"]
[WhiteElo "2274"]
[BlackElo "2194"]
[TimeControl "180+2"]
[EndTime "14:36:53 PDT"]
[Termination "MFguimaraes won on time"]

1. e4 e5 2. f4 Bc5 3. Nf3 d6 4. c3 Nf6 5. d4 Bb6 6. a4 a5 7.
Bd3 O-O 8. fxe5 dxe5 9. Nxe5 Nxe4 10. Qh5 Nf6 11. Qh4 Re8 12. Kd2 Nc6 13. Nxc6 bxc6 14. Kc2 Qd5 15. Bd2 Bf5 16. Bxf5 Qxf5+ 17. Kc1 Re2 18. Qf4 Qd3 19. Qf3 Qc4 20. Na3 Qe6 21. Qd3 Re8 22. Nc4 Nd5 23. Ne5 Rxg2 24. Re1 Qc8 25.
Nxc6 Rxe1+ 26. Bxe1 Qg4 27. Ne5 Qg5+ 28. Bd2 Qh4 29. Nf3 Qh3 30. Kc2 h6 31. Re1 g6 32.
Qe4 Nf6 33. Qf4 1-0